 Dungeon Crawl Stone Soup version 0.31.0-11-ge490571c62 (webtiles) character file.

Game seed: 3476752495131833482

174686 Quoth the Unseen (level 16, -2/88 HPs)
             Began as a Spriggan Enchanter on Jan 20, 2024.
             Was a High Priest of Elyvilon.
             Slain by a purple draconian
             ... wielding a +0 glaive
             ... led by a red draconian scorcher
              (19 damage)
             ... on level 2 of the Realm of Zot on Feb 7, 2024.
             The game lasted 19:54:01 (41356 turns).

Quoth the Unseen (Spriggan Enchanter)              Turns: 41356, Time: 19:54:01

Health: -2/88      AC: 17    Str:  4    XL:     16   Next: 5%
Magic:  30/32      EV: -13   Int: 24    God:    Elyvilon [*****.]
Gold:   2444       SH:  0    Dex: 25    Spells: 12/37 levels left

rFire   + + .        j - +1 short sword "Doileopn" {holy, ^Drain rC+ Dex+5}
rCold   + + .        N - orb {guile}
rNeg    . . .        C - +0 gold dragon scales
rPois   +            A - +0 hat of Refuge {rCorr}
rElec   .            J - +2 cloak
rCorr   +            (gloves unavailable)
SInv    +            (boots unavailable)
Will    +....        Z - amulet of magic regeneration
Stlth   +            R - ring "Teilixox" {rF+ Will+}
HPRegen 0.34/turn    V - +6 ring of intelligence
MPRegen 0.63/turn

%: random rage (3%)
@: very quick
A: very small, no large weapons, unfitting armour, see invisible, speed 3,
iridescent scales 1, berserk 1, clumsy 1, poison resistance, persistent drain
}: 3/15 runes: serpentine, barnacled, abyssal
a: Renounce Religion, Purification, Heal Other, Heal Self, Divine Vigour


You were on level 2 of the Realm of Zot.
You worshipped Elyvilon.
Elyvilon was extremely pleased with you.
You visited 10 branches of the dungeon, and saw 45 of its levels.
You visited the Abyss 1 time.
You also visited: Sewer.

You collected 3348 gold pieces.
You spent 904 gold pieces at shops.

Inventory:

Hand Weapons
 b - the +11 quarterstaff "Etaopeask" {venom, rElec rF- rCorr Str+7, !a}
   (You found it on level 3 of the Lair of Beasts)

   Str+7:     It affects your strength (+7).
   rF-:       It makes you vulnerable to fire.
   rElec:     It insulates you from electricity.
   rCorr:     It protects you from acid and corrosion.
 j - the +1 short sword "Doileopn" (weapon) {holy, ^Drain rC+ Dex+5}
   (You bought it in a shop on level 2 of the Orcish Mines)

   Dex+5:     It affects your dexterity (+5).
   rC+:       It protects you from cold.
   ^Drain:    It drains your maximum health when unequipped.
 z - the +4 long sword of Innocence {spect, rN++ Int+3 Dex-4 SInv}
   (You found it on level 3 of the Realm of Zot)

   Int+3:     It affects your intelligence (+3).
   Dex-4:     It affects your dexterity (-4).
   rN++:      It greatly protects you from negative energy.
   SInv:      It lets you see invisible.
 L - the +1 dagger of Grandeur {distort, rPois rCorr}
   (You found it on level 1 of the Snake Pit)

   rPois:     It protects you from poison rCorr: It protects you from acid and
   corrosion.
   Elyvilon disapproves of the use of such an item.
 X - a +8 quick blade of electrocution {!a}
   (You acquired it on level 1 of the Shoals)
Missiles
 c - 3 atropa-tipped darts
 o - 6 throwing nets
 p - 2 darts of dispersal
 D - 7 datura-tipped darts
 T - 3 curare-tipped darts (quivered)
Armour
 i - a +2 robe of willpower
   (You took it off an orc sorcerer on level 2 of the Orcish Mines)
 A - the +0 hat of Refuge (worn) {rCorr}
   (You found it on level 5 of the Lair of Beasts)

   rCorr:     It protects you from acid and corrosion.
 C - +0 gold dragon scales (worn)
   (You found it on level 3 of the Realm of Zot)
 I - a +1 troll leather armour
   (You found it on level 1 of the Vaults)
 J - a +2 cloak (worn)
   (You found it on level 7 of the Dungeon)
 N - an orb of guile (worn)
   (You took it off Jeremiah on level 8 of the Dungeon)
 Y - a +2 robe of fire resistance
   (You took it off Sigmund on level 3 of the Dungeon)
Jewellery
 a - a ring of positive energy
   (You found it on level 1 of the Shoals)
 e - an amulet of reflection
   (You found it on level 1 of the Dungeon)
 f - a ring of protection from fire
   (You bought it in a shop on level 2 of the Orcish Mines)
 k - a ring of protection from cold
   (You found it on level 4 of the Dungeon)
 l - a +5 ring of evasion
   (You found it on level 1 of the Dungeon)
 s - a ring of wizardry
   (You acquired it on level 3 of the Snake Pit)
 u - a ring of ice
   (You found it on level 5 of the Dungeon)
 R - the ring "Teilixox" (left hand) {rF+ Will+}
   (You found it on level 3 of the Realm of Zot)

   [ring of protection from fire]

   rF+:       It protects you from fire.
   Will+:     It increases your willpower.
 V - a +6 ring of intelligence (right hand)
   (You found it on level 10 of the Dungeon)
 W - a +6 ring of dexterity
   (You found it on level 2 of the Dungeon)
 Z - an amulet of magic regeneration (around neck)
   (You found it on level 1 of the Dungeon)
Wands
 v - a wand of digging (13)
   (You found it on level 4 of the Dungeon)
 E - a wand of polymorph (2)
   (You found it on level 12 of the Dungeon)
 K - a wand of charming (22)
   (You found it on level 9 of the Dungeon)
 O - a wand of mindburst (13)
   (You found it on level 8 of the Dungeon)
 P - a wand of light (4)
   (You found it on level 4 of the Shoals)
 Q - a wand of iceblast (5)
   (You found it on level 11 of the Dungeon)
Scrolls
 g - a scroll of fog
 n - a scroll of brand weapon
 r - 2 scrolls of identify
 t - 7 scrolls of teleportation
 y - 5 scrolls of immolation
 B - 3 scrolls of poison
 F - 6 scrolls of vulnerability
 G - 2 scrolls of silence
Potions
 d - 6 potions of might
 h - 3 potions of haste
 m - a potion of enlightenment
 q - 11 potions of curing
 w - 2 potions of heal wounds
 x - a potion of brilliance
 H - a potion of magic
 M - 2 potions of cancellation
 S - 4 potions of lignification
 U - 6 potions of ambrosia


   Skills:
 + Level 12.0 Fighting
 + Level 3.0 Short Blades
 + Level 3.4 Throwing
 + Level 15.0 Dodging
 - Level 20.0 Stealth
 - Level 11.0 Spellcasting
 - Level 6.2 Hexes
 + Level 11.7 Translocations
 + Level 4.1 Earth Magic
 - Level 12.0 Invocations
 - Level 8.0 Evocations


You had 12 spell levels left.
You knew the following spells:

 Your Spells              Type           Power      Damage    Failure   Level
a - Ensorcelled Hibernat  Hex/Ice        56%        N/A       100%        2
b - Blink                 Tloc           100%       N/A       100%        2
c - Dimensional Bullseye  Hex/Tloc       27%        N/A       100%        4
d - Lesser Beckoning      Tloc           100%       N/A       100%        2
e - Teleport Other        Tloc           62%        N/A       100%        3
D - Tukima's Dance        Hex            42%        N/A       100%        3
F - Dazzling Flash        Conj/Hex       56%        N/A       100%        3
P - Passwall              Erth           33%        N/A       100%        3
T - Confusing Touch       Hex            42%        N/A       100%        3

Your spell library contained the following spells:

 Spells                   Type           Power      Damage    Failure   Level
 Kiss of Death            Conj/Necr      52%        2d9       100%        1
 Magic Dart               Conj           52%        1d5       100%        1
 Call Imp                 Summ           26%        N/A       100%        2
 Mercury Vapours          Alch/Air       26%        N/A       100%        2
 Scorch                   Fire           26%        2d6       100%        2
 Frozen Ramparts          Ice            26%        1d4       100%        3
 Fugue of the Fallen      Necr           13%        N/A       100%        3
 Gell's Gravitas          Tloc           62%        N/A       100%        3
 Mephitic Cloud           Conj/Alch/Air  13%        N/A       100%        3
 Stone Arrow              Conj/Erth      46%        3d9       100%        3
 Swiftness                Air            13%        N/A       100%        3
 Volatile Blastmotes      Fire/Tloc      82%        2d16      100%        3
 Anguish                  Hex/Necr       14%        N/A       100%        4
 Animate Armour           Summ/Erth      46%        N/A       100%        4
 Brom's Barrelling Bould  Conj/Erth      23%        2d4       100%        4
 Dispel Undead            Necr           13%        3d9       100%        4
 Flame Wave               Conj/Fire      13%        2d6       100%        4
 Ignite Poison            Fire/Alch      13%        N/A       100%        4
 Iskenderun's Mystic Bla  Conj/Tloc      41%        2d9       100%        4
 Leda's Liquefaction      Alch/Erth      11%        N/A       100%        4
 Petrify                  Alch/Erth      23%        N/A       100%        4
 Sticky Flame             Fire/Alch      13%        2d5       100%        4
 Curse of Agony           Necr           13%        N/A       100%        5
 Fireball                 Conj/Fire      6%         3d5       100%        5
 Freezing Cloud           Conj/Ice/Air   6%         6-21      100%        5
 Iskenderun's Battlesphe  Conj           13%        2d7       100%        5
 Lee's Rapid Deconstruct  Erth           16%        3d10*     100%        5
 Metabolic Englaciation   Hex/Ice        14%        N/A       100%        5
 Silence                  Hex/Air        14%        N/A       100%        5
 Bombard                  Conj/Erth      11%        9d3       100%        6
 Conjure Ball Lightning   Conj/Air       6%         3x3d6     100%        6
 Starburst                Conj/Fire      6%         6d4       100%        6
 Summon Cactus Giant      Summ           6%         N/A       100%        6
 Orb of Destruction       Conj           6%         9d6       100%        7
 Spellforged Servitor     Conj/Summ      6%         N/A       100%        7
 Ignition                 Fire           6%         3d4       100%        8
 Lehudib's Crystal Spear  Conj/Erth      11%        10d4      100%        8
 Maxwell's Capacitive Co  Air            6%         ∞         100%        8


Dungeon Overview and Level Annotations

Branches:
Dungeon (15/15)            Temple (1/1) D:4            Lair (5/5) D:11
 Shoals (4/4) Lair:3        Snake (4/4) Lair:2        Slime (0/5) Lair:5
    Orc (2/2) D:9             Elf (1/3) Orc:2        Vaults (4/5) D:14
 Depths (4/4) D:15            Zot (5/5) Depths:4      Sewer (visited)
  Crypt: Vaults:2-3

Altars:
Ashenzari
Elyvilon
Fedhas
Gozag
Hepliaklqana
Kikubaaqudgha
Makhleb
Nemelex Xobeh
Okawaru
Qazlal
Ru
Sif Muna
Trog
Uskayaw
Vehumet
Wu Jian
Xom
Yredelemnul
Zin
The Shining One
Jiyva

Shops:
D:9 :   D:10 [   Orc:2 =?[(   Vaults:4 =

Portals:
Hell: Depths:1 Depths:2 Depths:4
Abyss: Depths:3
Pandemonium: Depths:1
Trove: Depths:1 (show slimy rune of Zot)

Annotations:
D:4 Pikel
D:5 Dowan, Duvessa
D:8 Maurice
D:9 exclusion: 2 wights
D:10 Rayvis's ghost, novice MiFi
D:11 pick up dagger on way down, exclusion: downstairs
D:12 exclusions: 2 cyclopes and fire crab
D:13 exclusions: centaur, ugly thing and unseen horror
D:15 exclusions: centaur, death knight, deep elf pyromancer and warg
Temple 2 transporters
Lair:1 exclusions: basilisk, black mamba, steam dragon and water moccasin
Lair:2 exclusions: killer bee, komodo dragon and lava snake
Lair:3 exclusions: 2 electric eels and wyvern
Lair:4 exclusion: 2 oklob plants, Leszczynek's ghost, journeyman OnHs; Rupert
Shoals:1 exclusions: 2 fauns, 4 harpies, merfolk impaler, merfolk siren, snapping turtle and water nymph
Shoals:2 exclusions: cyclops, 2 dream sheep, skyshark, snapping turtle and water elemental, Glennnyy's ghost, adept GrFi; Heh's ghost, adept DsGl; Loidof's ghost, adept MiFi; finalsalamander's ghost, adept HOMo; popps's ghost, adept GrFi
Shoals:3 exclusions: merfolk siren, water elemental and wind drake
Shoals:4 exclusions: harpy, 3 merfolk, merfolk siren and 1 more exclusion
Snake:1 exclusions: black mamba, naga mage and naga warrior
Snake:2 exclusions: 2 black mambas, 2 mana vipers, naga, 2 naga magi, naga warrior, 3 salamanders and shock serpent, Nikola
Snake:3 exclusions: black mamba, 2 mana vipers, naga, naga mage, naga ritualist and upstairs
Snake:4 exclusions: 2 black mambas, guardian serpent, mana viper, 2 nagas, 2 naga magi, naga warrior and shock serpent
Vaults:1 exclusions: ironbound convoker, necromancer, slime creature and 2 yaktaurs
Vaults:2 2 transporters, exclusions: door, 2 great orbs of eyes, ironbound frostheart, ironbound thunderhulk, skeleton, upstairs, vault warden and 2 yaktaurs, Getoffmy's ghost, veteran GrFi
Vaults:3 exclusions: 2 deep trolls, 4 dire elephants and downstairs
Vaults:4 exclusions: arcanist, centaur warrior, crystal guardian, deep troll, 2 downstairs, formless jellyfish, ironbound frostheart, peacekeeper, ugly thing and 2 yaktaurs
Depths:1 exclusions: simulacrum and 2 skeletons, Bai Suzhen
Depths:2 exclusion: downstairs, Vv
Depths:3 exclusion: 2 orange crystal statues
Depths:4 exclusions: downstairs, fire giant, ice dragon, spriggan air mage, tengu reaver and white draconian
Zot:3 exclusions: curse toe, death cob, 2 draconian annihilators, draconian monk, draconian scorcher, purple draconian, red draconian and yellow draconian


Innate Abilities, Weirdness & Mutations

You are very small and have problems with some larger weapons.
You are too small for most types of armour.
You have supernaturally acute eyesight. (SInv)
You cover ground extremely quickly. (Speed+++)
You are partially covered in iridescent scales. (AC +2)
You sometimes lose your temper in combat.
You are clumsy. (Dex -2)
Your system is resistant to poisons. (rPois)
Your health recovers twice as slowly from being drained.


Message History

Unknown command.
Okay, then.
Unknown command.
Okay, then.
Unknown command.
You are healed.
The yellow draconian annihilator spits acid at you.
The glob of acid hits you. You resist.
Okay, then.
Unknown command.
Okay, then.
Unknown command.
Unknown command.
Press: ? - help, v - describe, . - travel
Here: a purple draconian, wielding a +0 dire flail The floor.
As you read the scroll of teleportation, it crumbles to dust.
You feel strangely unstable.
You feel the Orb delaying your translocation!
The purple draconian completely misses you.
Unknown command.
Okay, then.
You are healed.
The purple draconian hits you from afar with a +0 glaive.
The purple draconian hits you with a +0 dire flail!!
The purple draconian breathes dispelling energy at you.
The bolt of dispelling energy hits you!
You feel strangely stable.
Okay, then.
The purple draconian hits you from afar with a +0 glaive!
* * * LOW HITPOINT WARNING * * *
You are healed.
The purple draconian hits you from afar with a +0 glaive!
* * * LOW HITPOINT WARNING * * *
You open the door.
The red draconian scorcher gestures at you while chanting.
The bolt of magma hits you!! You partially resist.
Elyvilon protects you from harm!
The purple draconian hits you from afar with a +0 glaive!!
You die...

............#
............#
............#
............#
............#
............#
............############
#'# #...>.......
##.#####@dqd.......
#......'.qd.....!..
#.###..#..d........
###.###..#...........
.........#......$....
###.####.#...........
#####+####.#...........
#........#.#########
#).......#.#


You could see 2 draconians, a red draconian, a white draconian, a yellow
draconian annihilator and a red draconian scorcher.

Vanquished Creatures
  Saint Roka (Depths:2)
  A golden dragon (Zot:3)
  A tentacled monstrosity (Zot:1)
  Mlioglotl (Snake:2)
  2 quicksilver dragons
  A sphinx (Vaults:1)
  A tengu reaver (Vaults:4)
  A nagaraja (Snake:4)
  2 fire giants
  A vault warden (Vaults:3)
  An orc warlord (Vaults:3)
  A formless jellyfish (Vaults:4)
  An ironbound preserver (Vaults:1)
  A draconian annihilator (Zot:3)
  A green draconian (Zot:3)
  A very ugly thing (Depths:2)
  2 purple draconians (Zot:3)
  A red draconian (Zot:3)
  3 yaktaur captains
  A fire dragon (Depths:4)
  An entropy weaver (D:12)
  2 great orbs of eyes
  Harold (D:9)
  An ironbound frostheart (Vaults:3)
  2 boulder beetles
  A spriggan air mage (Depths:4)
  A deep troll earth mage (Depths:2)
  A satyr (Shoals:4)
  An orc high priest (Depths:2)
  A salamander mystic (Snake:4)
  2 sea snakes
  A naga ritualist (Snake:3)
  2 deep trolls (Vaults:1)
  An arcanist (Lair:5)
  A necromancer (D:15)
  A harpy (Shoals:3)
  3 ironbound convokers
  A deep elf pyromancer (D:13)
  An orc knight (Depths:2)
  5 moths of wrath
  An orc sorcerer (Orc:2)
  2 salamanders
  A manticore (D:15)
  5 fauns
  2 water nymphs (Shoals:1)
  A kobold blastminer (Orc:1)
  A vault sentinel (Vaults:3)
  2 black mambas
  A naga mage (Snake:4)
  A gargoyle (D:10)
  Jeremiah (D:8)
  2 cane toads
  A rime drake (Lair:5)
  An unseen horror (D:12)
  A komodo dragon (Lair:5)
  3 trolls
  A merfolk (Shoals:4)
  A wind drake (shapeshifter) (D:13)
  Prince Ribbit (D:8)
  2 blink frogs (Lair:5)
  A snapping turtle (shapeshifter) (D:15)
  A snapping turtle (Shoals:3)
  Sigmund (D:3)
  2 wyverns
  A wraith (D:14)
  2 steam dragons (Shoals:3)
  Grum (D:8)
  Edmund (D:4)
  An acid dragon (shapeshifter) (D:14)
  2 water moccasins
  A hell hound (Lair:5)
  2 orc warriors (D:9)
  3 black bears
  3 centaurs
  An ogre (D:6)
  2 wolves (D:7)
  2 kobold brigands
  A hound (D:6)
  5 orc priests
  An iguana (D:5)
  Natasha (thrice) (D:4)
  An orc wizard (D:9)
  Robin (D:4)
  2 adders
  2 ufetubi (D:4)
  3 orcs
  3 goblins
  A bat (D:3)
  2 rats (Sewer)
138 creatures vanquished.

Vanquished Creatures (collateral kills)
  A green draconian (Zot:1)
  An orc high priest (Depths:2)
  A faun (Shoals:4)
  A merfolk (Shoals:4)
  A water elemental (Shoals:4)
5 creatures vanquished.

Vanquished Creatures (others)
  A death cob (Zot:1)
  A fire giant (Depths:2)
  A green draconian (Zot:4)
  A white draconian (Depths:4)
  An anaconda (Snake:4)
  A death yak (Lair:5)
  An orc high priest (Orc:2)
  A skyshark (Lair:5)
  A necromancer (D:15)
  A harpy (Shoals:4)
  3 fauns (Shoals:4)
  An ugly thing (Vaults:1)
  A manticore (Shoals:4)
  A black mamba (Snake:3)
  A merfolk siren (Shoals:1)
  A kobold blastminer (Orc:2)
  A blink frog (Lair:3)
  A wyvern (Lair:5)
  7 yaks (Lair:5)
  A neqoxec (Abyss:3)
  3 nagas
  2 dancing weapons
  A water moccasin (Lair:5)
  3 ogres (Orc:2)
  A centaur (D:14)
  9 killer bees (Lair:2)
  An orc wizard (Orc:2)
  6 orcs
  A butterfly (D:15)
  9 starspawn tentacles
64 creatures vanquished.

Grand Total: 207 creatures vanquished

Notes
Turn   | Place    | Note
-------+----------+-------------------------------------------
     0 | D:1      | Quoth the Spriggan Enchanter began the quest for the Orb.
     0 | D:1      | Reached XP level 1. HP: 9/9 MP: 5/5
   268 | D:4      | Reached XP level 2. HP: 13/13 MP: 6/6
   279 | D:5      | Entered Level 5 of the Dungeon
   283 | D:5      | Learned a level 2 spell: Ensorcelled Hibernation
   287 | D:4      | Reached skill level 5 in Stealth
   355 | D:3      | Reached XP level 3. HP: 17/17 MP: 8/8
   387 | D:4      | Noticed a wight
   387 | D:4      | Noticed a wight
   387 | D:4      | Noticed a wight
   387 | D:4      | Noticed a wight
   403 | D:3      | Found a glowing drain.
   482 | D:3      | Noticed Sigmund
   491 | D:3      | Killed Sigmund
   492 | D:3      | Reached skill level 1 in Fighting
   492 | D:3      | Reached skill level 8 in Stealth
   492 | D:3      | Reached XP level 4. HP: 22/22 MP: 6/9
   492 | D:3      | Reached XP level 5. HP: 25/25 MP: 6/10
   618 | Sewer    | Entered a sewer
   625 | Sewer    | Learned a level 3 spell: Confusing Touch
   793 | D:6      | Noticed a black bear
   945 | D:6      | Noticed a centaur
   955 | D:6      | Noticed an ogre
   976 | D:5      | Noticed a black bear
  1006 | D:5      | Killed a black bear
  1007 | D:5      | Reached XP level 6. HP: 30/30 MP: 8/12
  1054 | D:5      | Found the +16 obsidian axe {drain, demonic, Mesm ^Drain Fly
                  | SInv}
  1057 | D:5      | Noticed Duvessa
  1394 | D:4      | Noticed Natasha
  1414 | D:4      | Killed Natasha
  1441 | D:4      | Noticed Natasha
  1460 | D:4      | Noticed Pikel
  1513 | D:5      | Noticed Dowan
  1682 | D:4      | Noticed Edmund
  1689 | D:4      | Killed Edmund
  2280 | D:4      | Killed Natasha
  2292 | D:4      | Noticed Robin
  2697 | D:4      | Reached XP level 7. HP: 32/36 MP: 11/14
  2803 | D:4      | Killed Robin
  2976 | D:4      | Found a staircase to the Ecumenical Temple.
  2993 | Temple   | Found a transporter.
  2993 | Temple   | Found a transporter.
  2993 | Temple   | Found a transporter.
  2993 | Temple   | Found a transporter.
  2993 | Temple   | Entered the Ecumenical Temple
  3017 | Temple   | Became a worshipper of Elyvilon the Healer
  3508 | D:6      | Reached skill level 5 in Dodging
  3508 | D:6      | Reached XP level 8. HP: 24/42 MP: 6/15
  4092 | D:9      | Reached * piety under Elyvilon
  4134 | D:8      | Noticed Jeremiah
  4134 | D:8      | Noticed Grum
  4134 | D:8      | Noticed Prince Ribbit
  4143 | D:9      | Noticed a hornet
  4202 | D:9      | Reached skill level 5 in Fighting
  4298 | D:8      | Killed Jeremiah
  4382 | D:8      | Noticed Maurice
  4398 | D:8      | Learned a level 3 spell: Tukima's Dance
  4460 | D:7      | Reached skill level 5 in Invocations
  5550 | D:8      | Reached ** piety under Elyvilon
  5561 | D:8      | Killed Prince Ribbit
  5566 | D:9      | Found a staircase to the Orcish Mines.
  5681 | D:10     | Entered Level 10 of the Dungeon
  5681 | D:10     | Noticed Rayvis's ghost (novice MiFi)
  5681 | D:10     | Found a transporter.
  5681 | D:10     | Found a transporter.
  5689 | D:10     | Noticed a queen bee
  5689 | D:10     | Noticed a meliai
  5754 | D:10     | Reached XP level 9. HP: 47/47 MP: 16/16
  5772 | D:10     | Found Xeipn's Armour Boutique.
  5776 | D:10     | Noticed a gargoyle
  5783 | D:10     | Killed a gargoyle
  5784 | D:10     | Reached skill level 10 in Stealth
  5818 | D:9      | Found Ramog's Book Shoppe.
  5832 | D:11     | Reached skill level 11 in Stealth
  5900 | D:11     | Found a staircase to the Lair.
  5916 | D:11     | Noticed a boulder beetle
  5918 | D:11     | Pacified a boulder beetle
  5919 | D:11     | Reached skill level 12 in Stealth
  5935 | D:11     | Noticed a kobold demonologist
  6276 | D:12     | Noticed a cyclops
  6282 | D:11     | Noticed a troll
  6550 | D:9      | Reached XP level 10. HP: 53/53 MP: 1/17
  6636 | D:9      | Learned a level 3 spell: Dazzling Flash
  6679 | D:9      | Found a glowing golden altar of the Shining One.
  6737 | D:9      | Noticed Harold
  6984 | D:8      | Killed Grum
  7372 | D:11     | Noticed a boulder beetle
  7383 | D:11     | Killed a boulder beetle
  7494 | D:11     | Reached skill level 10 in Invocations
  7682 | Lair:1   | Entered Level 1 of the Lair of Beasts
  7774 | Lair:1   | Noticed a death yak
  7810 | Lair:1   | Reached *** piety under Elyvilon
  7817 | Lair:1   | Noticed a death yak
  7817 | Lair:1   | Noticed a death yak
  7820 | Lair:1   | Pacified a death yak
  7822 | Lair:1   | Noticed a death yak
  7824 | Lair:1   | Noticed a death yak
  7826 | Lair:1   | Pacified a death yak
  7827 | Lair:1   | Reached skill level 13 in Stealth
  7827 | Lair:1   | Reached skill level 5 in Spellcasting
  7827 | Lair:1   | Reached skill level 5 in Hexes
  7827 | Lair:1   | Pacified a death yak
  7829 | Lair:1   | Pacified a death yak
  7830 | Lair:1   | Reached XP level 11. HP: 58/58 MP: 7/20
  7830 | Lair:1   | Pacified a death yak
  8153 | Lair:1   | Elyvilon protects you from harm!
  8165 | Lair:1   | HP: 2/58 [poisoned by a cane toad]
  8401 | Lair:2   | Noticed an eight-headed hydra
  8404 | Lair:2   | Pacified an eight-headed hydra
  8995 | Lair:3   | Identified the +11 quarterstaff "Etaopeask" {venom, rElec
                  | rF- rCorr Str+7}
  9018 | Lair:4   | Noticed a seven-headed hydra
  9120 | Lair:4   | Reached **** piety under Elyvilon
  9190 | Lair:4   | Found a runed translucent door.
  9190 | Lair:4   | Noticed Leszczynek's ghost (journeyman OnHs)
  9209 | Lair:4   | Gained mutation: You are frail. (-10% HP) [potion of
                  | mutation]
  9209 | Lair:4   | Gained mutation: You occasionally lose the ability to read
                  | scrolls when taking damage. [potion of mutation]
  9209 | Lair:4   | Gained mutation: Your system is resistant to poisons.
                  | (rPois) [potion of mutation]
  9318 | Lair:3   | Lost mutation: You occasionally lose the ability to read
                  | scrolls when taking damage. [potion of mutation]
  9318 | Lair:3   | Lost mutation: You are frail. (-10% HP) [potion of
                  | mutation]
  9318 | Lair:3   | Gained mutation: You sometimes lose your temper in combat.
                  | [potion of mutation]
  9318 | Lair:3   | Gained mutation: You are clumsy. (Dex -2) [potion of
                  | mutation]
  9318 | Lair:3   | Gained mutation: Your health recovers twice as slowly from
                  | being drained. [potion of mutation]
  9318 | Lair:3   | Gained mutation: You are partially covered in iridescent
                  | scales. (AC +2) [potion of mutation]
  9407 | Lair:3   | Found a staircase to the Shoals.
 10049 | Lair:5   | Entered Level 5 of the Lair of Beasts
 10055 | Lair:4   | Noticed Rupert
 10092 | Lair:5   | Noticed a skyshark
 10093 | Lair:5   | Pacified a skyshark
 10154 | Lair:4   | Pacified a seven-headed hydra
 10155 | Lair:4   | Reached skill level 14 in Stealth
 10300 | Lair:5   | Noticed a death yak
 10301 | Lair:5   | Noticed a death yak
 10302 | Lair:5   | Noticed a death yak
 10310 | Lair:5   | Noticed a death yak
 10318 | Lair:5   | Found a staircase to the Slime Pits.
 10319 | Lair:5   | Found a viscous altar of Jiyva.
 10348 | Lair:5   | Noticed a skyshark
 10357 | Lair:5   | Pacified a skyshark
 10388 | Lair:5   | Identified the +0 hat of Refuge {rCorr}
 10391 | Lair:5   | Killed a skyshark
 10397 | Lair:5   | Pacified a death yak
 10398 | Lair:5   | Pacified a death yak
 10399 | Lair:5   | Reached XP level 12. HP: 36/64 MP: 17/22
 10408 | Lair:5   | Killed a death yak
 10416 | Lair:5   | Noticed an eight-headed hydra
 10420 | Lair:5   | Pacified an eight-headed hydra
 10421 | Lair:5   | Reached skill level 1 in Translocations
 10600 | Lair:5   | Reached skill level 15 in Stealth
 10659 | Lair:5   | Noticed a catoblepas
 10660 | Lair:5   | Pacified a catoblepas
 10712 | Lair:5   | Noticed a dire elephant
 10714 | Lair:5   | Pacified a dire elephant
 10744 | Lair:5   | Noticed a four-headed hydra
 10748 | Lair:5   | Pacified a four-headed hydra
 10760 | Lair:5   | Noticed a dire elephant
 10778 | Lair:5   | Learned a level 3 spell: Teleport Other
 10782 | Lair:5   | Learned a level 3 spell: Passwall
 10986 | Lair:5   | Pacified a dire elephant
 10987 | Lair:5   | Reached skill level 1 in Earth Magic
 10987 | Lair:5   | Reached skill level 1 in Evocations
 11079 | Lair:5   | Found a burning altar of Makhleb.
 11140 | Lair:5   | Noticed a catoblepas
 11150 | Lair:5   | Pacified a catoblepas
 11151 | Lair:5   | Reached skill level 5 in Translocations
 11203 | Lair:4   | Found a blossoming altar of Fedhas.
 11802 | Lair:2   | Found a staircase to the Snake Pit.
 11913 | D:12     | Reached skill level 10 in Dodging
 12009 | D:12     | Found an iron altar of Okawaru.
 12236 | D:13     | Noticed a catoblepas
 12238 | D:13     | Pacified a catoblepas
 12293 | D:13     | Noticed a two-headed ogre
 12356 | D:13     | Reached skill level 16 in Stealth
 12496 | D:14     | Noticed a six-headed hydra
 12498 | D:14     | Pacified a six-headed hydra
 12501 | D:14     | a gnoll changed into an entropy weaver
 12501 | D:14     | Noticed an entropy weaver (shapeshifter)
 12570 | D:14     | Noticed a centaur warrior
 12584 | D:14     | Noticed a centaur warrior
 12585 | D:14     | Pacified a centaur warrior
 12592 | D:14     | Noticed a vault guard
 12592 | D:14     | Noticed a vault guard
 12592 | D:14     | Noticed a vault guard
 12596 | D:13     | Noticed a centaur warrior
 12623 | D:14     | Pacified a centaur warrior
 12623 | D:14     | Noticed a tengu warrior
 12711 | D:15     | Entered Level 15 of the Dungeon
 12734 | D:15     | Noticed a fire dragon
 12738 | D:15     | Found a white marble altar of Elyvilon.
 12748 | D:15     | Noticed a boulder beetle
 12749 | D:15     | Pacified a boulder beetle
 12750 | D:15     | Reached XP level 13. HP: 65/70 MP: 22/25
 12913 | D:15     | Found a staircase to the Depths.
 12918 | D:15     | Got a smoky gem with 3094 turns to spare
 13136 | D:14     | Upgraded the game from 0.31.0-2-g5a2aebc5c2 to
                  | 0.31.0-4-g52a2dc7128
 13198 | D:13     | Identified the +0 ring mail "Yfis" {Str+6 Dex+2}
 13644 | D:12     | Found a runed translucent door.
 14319 | D:15     | Pacified a fire dragon
 14320 | D:15     | Reached skill level 1 in Throwing
 14876 | D:13     | Elyvilon protects you from harm!
 15731 | D:4      | Noticed Natasha
 15732 | D:4      | Killed Natasha
 16014 | D:1      | Identified a scroll of acquirement
 16717 | D:4      | Upgraded the game from 0.31.0-4-g52a2dc7128 to
                  | 0.31.0-7-gf635a9b802
 16781 | D:4      | You fall into a shaft and drop 3 floors!
 16930 | D:8      | Maurice changed into Maurice the ribbon worm
 16930 | D:8      | Noticed Maurice
 16955 | Orc:1    | Entered Level 1 of the Orcish Mines
 16991 | Orc:2    | Entered Level 2 of the Orcish Mines
 16991 | Orc:2    | Found a staircase to the Elven Halls.
 17428 | Orc:1    | Reached ***** piety under Elyvilon
 17602 | Orc:1    | Noticed an orc warlord
 18178 | Orc:2    | Found Yxzunnawni's Jewellery Shoppe.
 18178 | Orc:2    | Found Odeacw's Armour Boutique.
 18178 | Orc:2    | Found Bulum's Magic Scroll Boutique.
 18178 | Orc:2    | Found Ihiow's Antique Weapon Emporium.
 18501 | Lair:1   | Upgraded the game from 0.31.0-7-gf635a9b802 to
                  | 0.31.0-9-g3a7656b989
 18568 | Snake:1  | Entered Level 1 of the Snake Pit
 18902 | Snake:1  | Upgraded the game from 0.31.0-9-g3a7656b989 to
                  | 0.31.0-10-gcf4a605ca0
 19330 | Orc:2    | Bought a scroll of teleportation for 39 gold pieces
 19330 | Orc:2    | Bought a scroll of silence for 123 gold pieces
 19330 | Orc:2    | Bought a scroll of revelation for 97 gold pieces
 19330 | Orc:2    | Bought a scroll of blinking for 97 gold pieces
 19331 | Orc:2    | Bought a twisted short sword for 248 gold pieces
 19331 | Orc:2    | Identified the +1 short sword "Doileopn" {holy, ^Drain rC+
                  | Dex+5} (You bought it in a shop on level 2 of the Orcish
                  | Mines)
 19427 | Orc:2    | Reached skill level 10 in Fighting
 20058 | Shoals:1 | Entered Level 1 of the Shoals
 20108 | Shoals:1 | Acquired a +0 quick blade of electrocution
 20143 | Shoals:2 | Found a runed translucent gate.
 20143 | Shoals:2 | Found a runed translucent gate.
 20271 | Shoals:2 | Found a runed translucent gate.
 20271 | Shoals:2 | Noticed Loidof's ghost (adept MiFi)
 20272 | Shoals:2 | Noticed Glennnyy's ghost (adept GrFi)
 20272 | Shoals:2 | Noticed Heh's ghost (adept DsGl)
 20272 | Shoals:2 | Noticed finalsalamander's ghost (adept HOMo)
 20272 | Shoals:2 | Noticed popps's ghost (adept GrFi)
 20742 | Lair:2   | Upgraded the game from 0.31.0-10-gcf4a605ca0 to
                  | 0.31.0-11-ge490571c62
 20964 | Snake:2  | Noticed Mlioglotl
 20999 | Snake:2  | Killed Mlioglotl
 21000 | Snake:2  | Reached skill level 17 in Stealth
 21000 | Snake:2  | Reached skill level 5 in Evocations
 21166 | Snake:2  | Learned a level 2 spell: Blink
 21915 | Snake:2  | Noticed Nikola
 22171 | Snake:3  | Reached skill level 18 in Stealth
 22219 | Snake:4  | Entered Level 4 of the Snake Pit
 22523 | Snake:4  | Noticed a nagaraja
 22705 | Snake:4  | Noticed a nagaraja
 22726 | Snake:4  | Reached XP level 14. HP: 77/77 MP: 24/28
 22801 | Snake:4  | Killed a nagaraja
 23363 | Snake:4  | Reached skill level 10 in Spellcasting
 23591 | Snake:4  | Noticed a nagaraja
 23618 | Snake:4  | Noticed a nagaraja
 23675 | Snake:4  | Noticed a nagaraja
 23726 | Snake:4  | Got a serpentine rune of Zot
 23727 | Snake:4  | 1st rune 117 creatures vanquished
 23754 | Snake:4  | Noticed a nagaraja
 23961 | Snake:3  | Acquired a ring of wizardry
 24251 | Snake:1  | Identified the +1 dagger of Grandeur {distort, rPois rCorr}
 25352 | Shoals:4 | Entered Level 4 of the Shoals
 26057 | Shoals:4 | Got an azure gem with 449 turns to spare
 26059 | Shoals:4 | Got a barnacled rune of Zot
 26094 | Shoals:2 | 2nd rune 134 creatures vanquished
 28171 | Elf:1    | Entered Level 1 of the Elven Halls
 28524 | D:14     | Found a gate to the Vaults.
 28563 | Vaults:1 | Entered Level 1 of the Vaults
 28580 | Vaults:1 | Reached skill level 10 in Translocations
 28704 | Vaults:1 | Noticed an ironbound preserver
 28854 | Vaults:1 | Noticed a sphinx
 28874 | Vaults:1 | Killed a sphinx
 28886 | Vaults:1 | Noticed an ironbound preserver
 28928 | Vaults:1 | Killed an ironbound preserver
 29673 | Vaults:1 | Noticed an ironbound thunderhulk
 29818 | Vaults:2 | Noticed an ironbound thunderhulk
 30119 | Vaults:3 | Noticed an orc warlord
 30122 | Vaults:3 | Killed an orc warlord
 30143 | Vaults:3 | Noticed a vault warden
 30145 | Vaults:3 | Killed a vault warden
 30168 | Vaults:3 | Reached skill level 19 in Stealth
 30615 | Vaults:4 | Noticed a tengu reaver
 30618 | Vaults:4 | Killed a tengu reaver
 30619 | Vaults:4 | Reached XP level 15. HP: 77/78 MP: 30/30
 30687 | Vaults:4 | Found Ryin's Jewellery Shoppe.
 30900 | Vaults:3 | Learned a level 4 spell: Dimensional Bullseye
 30905 | Vaults:3 | Learned a level 2 spell: Lesser Beckoning
 31399 | Vaults:3 | Noticed a vault warden
 32021 | Vaults:2 | Noticed a vault warden
 32048 | Vaults:2 | Found a transporter.
 32048 | Vaults:2 | Found a transporter.
 32056 | Vaults:2 | Noticed an ancient lich
 32063 | Vaults:2 | Noticed Getoffmy's ghost (veteran GrFi)
 32078 | Vaults:2 | Noticed a vault warden
 32104 | Vaults:2 | Identified the ring "Jytwoinu" {Will+ MP+9}
 33072 | Vaults:1 | HP: 4/82 [yaktaur captain/bolt (19)]
 33073 | Vaults:1 | Elyvilon protects you from harm!
 34999 | D:9      | Killed Harold
 35339 | Orc:2    | Bought a ring of protection from fire for 300 gold pieces
 36709 | Depths:1 | Entered Level 1 of the Depths
 36709 | Depths:1 | Noticed a frost giant
 36732 | Depths:1 | Found a gateway to Hell.
 36732 | Depths:1 | Noticed a fire giant
 36830 | Depths:1 | Noticed a fire giant
 36895 | Depths:1 | Noticed a fire giant
 37067 | Depths:2 | Noticed a fire giant
 37100 | Depths:2 | Identified the ring of Vietur {rF- rN+ Str+4 Int+6 Dex+3}
 37117 | Depths:2 | Noticed a storm dragon
 37215 | Depths:2 | Noticed a lich
 37267 | Depths:2 | Noticed Saint Roka
 37512 | Depths:2 | Killed Saint Roka
 37566 | Depths:2 | Noticed a fire giant
 37759 | Depths:2 | Identified the ring "Ysoz" {Fly MP-9 Int+5 Slay+3 SInv}
 37759 | Depths:2 | Noticed a frost giant
 37787 | Depths:2 | Found an ornate altar of the Wu Jian Council.
 37879 | Depths:2 | Noticed a walking frostbound tome
 38003 | Depths:2 | Pacified a storm dragon
 38136 | Depths:2 | Noticed Vv
 38137 | Depths:2 | HP: 2/83 [Vv/creeping frost (18)]
 38147 | Depths:2 | Identified the +2 mace of the Mashing Gods {spect, MP+9
                  | Int-5 Dex+3}
 38147 | Depths:2 | Identified the +0 ring mail of Dithmenos {rElec rC+++ Will-
                  | MP-9}
 38147 | Depths:2 | Noticed a tentacled monstrosity
 38278 | Depths:2 | Noticed a sphinx
 38305 | Depths:3 | Noticed a walking earthen tome
 38305 | Depths:3 | Noticed a caustic shrike
 38305 | Depths:3 | Noticed a caustic shrike
 38309 | Depths:3 | Noticed an iron dragon
 38384 | Depths:2 | Noticed a fire giant
 38386 | Depths:2 | Noticed a sphinx
 38531 | Depths:1 | Found a portal to a secret trove of treasure.
 38549 | Depths:1 | Found a one-way gate leading to the halls of Pandemonium.
 38573 | Depths:1 | Found a shimmering blue altar of Sif Muna.
 38627 | Depths:1 | Noticed Bai Suzhen
 38661 | Depths:1 | Killed a fire giant
 39043 | Depths:3 | Noticed a Tzitzimitl
 39143 | Depths:3 | Noticed a caustic shrike
 39215 | Depths:3 | Found a one-way gate to the infinite horrors of the Abyss.
 39256 | Depths:3 | Voluntarily entered the Abyss.
 39294 | Abyss:3  | Found a corrupted altar of Lugonu.
 39298 | Abyss:3  | Noticed a tentacled starspawn
 39319 | Abyss:3  | Found a corrupted altar of Lugonu.
 39369 | Abyss:3  | Noticed a tentacled starspawn
 39373 | Abyss:3  | Noticed a tentacled starspawn
 39564 | Abyss:3  | Noticed a tentacled starspawn
 39607 | Abyss:3  | Noticed a bone dragon
 39631 | Abyss:3  | Noticed a tentacled starspawn
 39750 | Abyss:3  | Noticed a tentacled starspawn
 39754 | Abyss:3  | Got an abyssal rune of Zot
 39798 | Abyss:4  | Noticed a tentacled starspawn
 39820 | Abyss:4  | Found a corrupted altar of Lugonu.
 39864 | Abyss:4  | Noticed a tentacled monstrosity
 39867 | Abyss:4  | Noticed a bone dragon
 39897 | Abyss:4  | Noticed a tentacled starspawn
 39900 | Abyss:4  | Noticed a tentacled starspawn
 39918 | Abyss:4  | Noticed a revenant
 39929 | Abyss:4  | Noticed an ancient champion
 39940 | Abyss:4  | Noticed a bone dragon
 39966 | Depths:3 | Escaped the Abyss
 39976 | Depths:4 | Entered Level 4 of the Depths
 39978 | Depths:4 | Noticed a tentacled monstrosity
 40002 | Depths:4 | Noticed a frost giant
 40028 | Depths:4 | Found an ancient bone altar of Kikubaaqudgha.
 40054 | Depths:4 | Noticed a fire giant
 40073 | Depths:4 | Killed a fire giant
 40097 | Depths:4 | Noticed a fire giant
 40200 | Depths:4 | Noticed a tengu reaver
 40343 | Depths:4 | Found a gate to the Realm of Zot.
 40345 | Depths:4 | Noticed a bone dragon
 40350 | Depths:4 | Noticed a green draconian monk
 40352 | Zot:1    | Entered Level 1 of the Realm of Zot
 40352 | Zot:1    | Noticed a tentacled monstrosity
 40352 | Zot:1    | Noticed a quicksilver dragon
 40353 | Zot:1    | Noticed a quicksilver dragon
 40356 | Zot:1    | Killed a quicksilver dragon
 40472 | Zot:1    | Noticed a tentacled monstrosity
 40480 | Zot:1    | Noticed a death cob
 40491 | Zot:1    | Noticed a purple draconian shifter
 40496 | Zot:1    | Killed a tentacled monstrosity
 40502 | Zot:1    | Noticed a red draconian scorcher
 40502 | Zot:1    | Noticed a black draconian knight
 40502 | Zot:1    | Noticed a purple draconian shifter
 40536 | Zot:1    | Noticed a green draconian monk
 40536 | Zot:1    | Noticed a tentacled monstrosity
 40536 | Zot:1    | Noticed a storm dragon
 40562 | Zot:2    | Noticed a death cob
 40605 | Zot:3    | Reached ****** piety under Elyvilon
 40608 | Zot:3    | Noticed a golden dragon
 40609 | Zot:4    | Noticed a red draconian scorcher
 40613 | Zot:5    | Entered Level 5 of the Realm of Zot
 40613 | Zot:5    | Noticed an orb of fire
 40613 | Zot:5    | Noticed an Orb Guardian
 40613 | Zot:5    | Noticed an Orb Guardian
 40613 | Zot:5    | Noticed an Orb Guardian
 40613 | Zot:5    | Noticed a golden dragon
 40614 | Zot:5    | Noticed a shadow dragon
 40618 | Zot:5    | Noticed a Killer Klown
 40618 | Zot:5    | Noticed a Killer Klown
 40618 | Zot:5    | Noticed an electric golem
 40619 | Zot:5    | 5 min till tourney end, if i can survive this i can maybe
                  | get a pacific win after tourney
 40620 | Zot:5    | Noticed a Killer Klown
 40620 | Zot:5    | Noticed a Killer Klown
 40625 | Zot:5    | Noticed a storm dragon
 40627 | Zot:5    | Noticed an Orb Guardian
 40630 | Zot:5    | Noticed an Orb Guardian
 40656 | Zot:4    | Noticed a storm dragon
 40657 | Zot:4    | Pacified a storm dragon
 40778 | Zot:3    | Reached skill level 20 in Stealth
 40793 | Zot:3    | Pacified a golden dragon
 40904 | Zot:3    | Noticed a green draconian monk
 40939 | Zot:3    | Noticed a storm dragon
 40940 | Zot:3    | Pacified a storm dragon
 40946 | Zot:3    | Found a shimmering blue altar of Sif Muna.
 40948 | Zot:3    | Identified the +4 long sword of Innocence {spect, rN++
                  | Int+3 Dex-4 SInv}
 41000 | Zot:3    | Noticed a quicksilver dragon
 41011 | Zot:3    | Noticed a death cob
 41030 | Zot:3    | Killed a quicksilver dragon
 41058 | Zot:3    | Noticed a red draconian scorcher
 41097 | Zot:3    | Identified the ring "Teilixox" {rF+ Will+}
 41105 | Zot:3    | Noticed a shadow dragon
 41278 | Zot:3    | Noticed a curse toe
 41301 | Zot:3    | Reached skill level 15 in Dodging
 41301 | Zot:3    | Reached XP level 16. HP: 63/88 MP: 27/32
 41308 | Zot:3    | Noticed a golden dragon
 41316 | Zot:3    | Killed a golden dragon
 41356 | Zot:2    | Elyvilon protects you from harm!
 41356 | Zot:2    | Slain by a purple draconian

Illustrated notes ######### ####.≈≈≈≈~.#### ##.....~~~.....#* #..~~~.....~~~..* ###~.~≈≈≈.@.~≈≈≈.~*** ###≈≈~.≈≈≈~...~≈≈≈.~~~*** ##...~~.~≈≈~~.~≈≈≈≈.~~,,,** ##........~≈≈≈.~≈≈~...,,,,,** #..###~~≈.~≈~~.~~~~.~~~***,,* #..# ##≈~...........~≈** *,,# #..## #~~≈~≈#####~~≈~≈* **,.# **##..###≈≈~≈##~≈≈##≈≈≈≈***,.#*** ,**##..####≈##.~≈~.##~###*,.#*,,, Turn 23727 on Snake:4: 1st rune 117 creatures vanquished

~~~ ~≈≈~~~~^.###
#...~..........~ ~~~
≈≈~~~~~.## ###..~~~...≈≈≈~.
≈~~~~~~.## ##.~~..>≈≈≈~..
≈~~~~~~..# #.~...≈≈≈≈≈..
≈≈~~~~~..# ##....≈≈≈≈≈≈..
≈≈≈~~~~.## ##......≈≈≈≈≈..
≈≈≈≈~~~.## ###.....#..^≈≈~..
≈≈≈≈~~...####..##.......~~...
≈≈≈~~..)....@.####.......~..~
≈≈≈~~.........# #......~~~~~
≈≈≈≈~~~~...#### ##..~~~~~~~
≈≈≈≈~~~~...# ..~~~~
≈≈≈≈≈~~...## c~~~~
~≈≈≈~~~..## ~≈≈≈~~....#
~~~≈~~...## ~~~≈~~~..#


Turn 26094 on Shoals:2: 2nd rune 134 creatures vanquished ...........
.....9....▓▓ .......p...▓▓ ....^.......▓▓ .............▓ ...p...*.....▓
.^..........▓ .......@D..▓ ...X......▓▓ ▓▓##....X▓▓ ..........# ...........#
..........^X## ............§# ........^....# .............# Turn 40619 on Zot:5:
5 min till tourney end, if i can survive this i can maybe get a pacific win
after tourney

Levels and vault maps discovered:
D:1:      psy_arrival_dodecagon, layout_basic, st_stairs_1
D:2:      layout_basic, nicolae_houndstooth_variations
D:3:      layout_basic, gup_sewer_entry_glass, minmay_snake_closets,
          uniq_sigmund
D:4:      layout_basic, minmay_temple_entry_waves, kennysheep_another_room,
          uniq_pikel, uniq_edmund, uniq_robin, uniq_natasha
D:5:      layout_rooms, uniq_duvessa
D:6:      layout_cave_pools
D:7:      layout_layer_cave, kennysheep_minor_cross, minmay_misc_feat_pillars,
          hangedman_abyss_or_decor_stagger
D:8:      layout_cave_pools, mainiacjoe_overflow_swirl, corexii_hall_statues_l,
          uniq_jeremiah, uniq_grum, uniq_prince_ribbit1, uniq_maurice
D:9:      layout_loops_ring, tso_metal_star, minmay_orc_entry_temple_small,
          serial_shops, nicolae_book_shop_shelving, uniq_harold
D:10:     layout_rooms, gammafunk_ghost_hive, serial_shops, shop
D:11:     layout_roguey, minmay_lair_entry_grove
D:12:     gammafunk_mikee_crab_dinner, layout_gridville,
          okawaru_ov_weapons_minmay
D:13:     layout_loops_ring, chequers_serial_rivers_large_b,
          nicolae_straight_to_the_point
D:14:     layout_gridville, erik_vaults_2, serial_glass, glass_columns_c,
          glass_columns_a, chequers_serial_rivers_micro_b, minmay_microvault
D:15:     hangedman_depths_entry_civil_slaughter, layout_loops_ring,
          nicolae_elyvilon_peaceful_grove
Temple:   hellmonk_temple_divided_pantheon
Lair:1:   layout_long_grid, serial_rivers, chequers_serial_rivers_micro_c,
          chequers_serial_rivers_micro_c, chequers_serial_rivers_small_3,
          chequers_serial_rivers_large_a, grunt_megastairs_1
Lair:2:   layout_hall_layers, nicolae_snake_entry_warm_welcome, special_room
          [special_room_bee], grunt_forest_stairs_clearing,
          infiniplex_staircase_pool, grunt_megastairs_4
Lair:3:   layout_roguey, minmay_shoals_entry_hut, serial_bayou_ford_a,
          small_statue_intersection, chequers_serial_rivers_micro_a,
          minivault_19, cheibrodos_lair_caveside_slide,
          infiniplex_staircase_pool_2
Lair:4:   layout_layer_cave, hellmonk_ghost_happy_afterlife,
          hangedman_tree_tricks, grunt_megastairs_3, uniq_josephine, uniq_rupert
Lair:5:   evil_forest, layout_misc_corridors, slime_entry_1, grunt_megastairs_2
Shoals:1: layout_shoals
Shoals:2: layout_shoals, gammafunk_ghost_cemetery
Shoals:3: layout_shoals, nicolae_shoals_drake_roost
Shoals:4: shoals_end_grunt_garden, layout_shoals
Snake:1:  layout_concentric_octagons
Snake:2:  layout_grid_maze, uniq_mlioglotl, uniq_nikola
Snake:3:  layout_onion_interference
Snake:4:  grunt_snake_rune_pools, layout_cave_town,
          serial_library_hellmonk_room_b
Orc:1:    layout_diamond_mine
Orc:2:    st_orc_ogre_mass, layout_diamond_mine, dreamdust_deal_with_the_devil
Elf:1:    minmay_elf_arrival_circle, layout_geoelf_octagon, evilmike_minifort
Vaults:1: hangedman_vaults_snaps, ontoclasm_vaults_decontamination,
          hangedman_vaults_trim, hangedman_vaults_cutoff,
          nicolae_vaults_double_plus_1, v_alt_pattern_6,
          nicolae_vaults_tetromino_Z_1, layout_vaults_omnigrid
Vaults:2: nzn_ghost_randoct, minmay_crypt_entry_skeletal_spiral, v_misc_16,
          nicolae_vaults_offset_grid_hallway_1, hangedman_vaults_restitches,
          vaults_room_guarded_vault, serial_library_hellmonk_open_square,
          nicolae_vaults_house_3, layout_vaults_chaotic_city
Vaults:3: grunt_vaults_funnel, nicolae_vaults_storage_room_water,
          nicolae_vaults_layer_cake_slice, nicolae_vaults_shock_wave,
          nicolae_vaults_trapezoid_1, nicolae_vaults_closet_pinwheel_2,
          vaults_dpeg_emergency_exit, v_misc_10, nicolae_vaults_more_shelving_1,
          nicolae_vaults_shelves_hall, layout_vaults_omnicross, serial_shops
Vaults:4: v_misc_29, nicolae_vaults_octothorpe, hangedman_vaults_pinch,
          v_misc_23, nicolae_vaults_tetromino_T_1,
          nicolae_vaults_doubleplus_tesselated, nicolae_vaults_stepped_doors,
          nicolae_vaults_circle_grid_a, ontoclasm_vaults_bender,
          ontoclasm_vaults_gateway, nicolae_vaults_little_squares_2,
          hangedman_vaults_corner_blocks, nicolae_vaults_security_offices_4,
          nicolae_vaults_trapezoid_2, nicolae_vaults_theta, layout_vaults_ring,
          serial_shops, shop
Depths:1: layout_cave_pools, pf_vacation_house_of_asmodeus,
          minmay_misc_feat_five, pan_entry, enter_trove_6, serial_bayou,
          serial_bayou_lake_a, serial_bayou_lagoon_b, serial_bayou_pond_a,
          serial_bayou_pond_e, led_sif_pool, uniq_bai_suzhen
Depths:2: minmay_the_grid_square_5x5_4x4_mashed [minmay_the_grid_square_5x5_two,
          minmay_the_grid_square_5x5_sharp_hourglass,
          minmay_the_grid_square_5x5_two_walls_a, minmay_the_grid_square_5x5_n,
          minmay_the_grid_square_5x5_fat_x,
          minmay_the_grid_square_5x5_prize_snowflake,
          minmay_the_grid_square_5x5_prize_rear_guard,
          minmay_the_grid_square_5x5_plus, minmay_the_grid_square_5x5_seven,
          minmay_the_grid_square_5x5_prize_itemx,
          minmay_the_grid_square_5x5_prize_waves,
          minmay_the_grid_square_5x5_detours,
          minmay_the_grid_square_5x5_one_wall,
          minmay_the_grid_square_5x5_inner_i,
          minmay_the_grid_square_5x5_doubleslash,
          minmay_the_grid_square_5x5_slash], layout_basic,
          pdpol_wu_jian_five_deadly_venoms, hell_entry, pan_entry, uniq_vv,
          uniq_saint_roka
Depths:3: lemuel_river_lethe, hell_entry, abyss_entry
Depths:4: evilmike_zot_entry_argh, layout_cave_pools, pf_coc_iceberg,
          corexii_hall_statues_t, kiku_gazebo_garden_becter
Zot:1:    kennysheep_spiral_hall, layout_basic, st_stairs_10
Zot:2:    layout_gridlike, uniq_grunn, uniq_parghit
Zot:3:    layout_cathedral_of_symmetry, regret_index_zotdec_magical_s
Zot:4:    lemuel_draconian_sentries, layout_gridlike
Zot:5:    layout_cathedral_of_symmetry

Skill      XL: |  1  2  3  4  5  6  7  8  9 10 11 12 13 14 15 |
---------------+----------------------------------------------+-----
Dodging        | 3 4 5 6 8 10 11 13 15 | 15.0
Stealth        | 5 8 12 13 14 16 18 19 20 | 20.0
Short Blades   | 2 3 |  3.0
Fighting       | 1 3 4 5 6 7 8 9 10 11 12 | 12.0
Spellcasting   | 3 4 5 7 9 10 11 | 11.0
Hexes          | 4 5 6 |  6.2
Invocations    | 3 7 8 10 12 | 12.0
Translocations | 5 8 10 11 | 11.7
Earth Magic    | 2 4 |  4.1
Evocations     | 4 6 8 |  8.0
Throwing       | 1 3 |  3.4

Action                     |  1- 3 |  4- 6 |  7- 9 | 10-12 | 13-15 | 16-18 || total
---------------------------+-------+-------+-------+-------+-------+-------++-------
  Melee: Dagger            |     8 |    14 |    40 |    54 |     9 |       ||   125
         Punch             |       |       |     1 |       |       |       ||     1
         Short sword       |       |       |       |       |    91 |     1 ||    92
         Quick blade       |       |       |       |       |    10 |       ||    10
  Throw: Dart              |       |       |     3 |       |    11 |       ||    14
         Throwing net      |       |       |       |       |     3 |       ||     3
   Cast: Ensorcelled Hiber |     2 |    34 |    59 |    68 |   173 |       ||   336
         Confusing Touch   |       |     1 |       |     2 |     4 |       ||     7
         Passwall          |       |       |       |    18 |   331 |       ||   349
         Teleport Other    |       |       |       |     9 |   690 |       ||   699
         Tukima's Dance    |       |       |       |       |    10 |       ||    10
         Blink             |       |       |       |       |    78 |       ||    78
         Dazzling Flash    |       |       |       |       |     9 |       ||     9
         Dimensional Bulls |       |       |       |       |     2 |       ||     2
         Lesser Beckoning  |       |       |       |       |     1 |       ||     1
 Invoke: Heal Other        |       |       |    11 |    58 |   116 |       ||   185
         Heal Self         |       |       |       |       |    12 |     3 ||    15
         Purification      |       |       |       |       |     6 |       ||     6
  Evoke: Wand              |       |       |     1 |     1 |    81 |       ||    83
    Use: Potion            |     1 |     3 |     1 |     4 |    21 |       ||    30
         Scroll            |       |     5 |     2 |    15 |    47 |     1 ||    70
   Stab: Sleeping          |     7 |     7 |    18 |    23 |    59 |     1 ||   115
         Confused          |       |       |       |     1 |       |       ||     1
         Distracted        |       |       |       |       |     3 |       ||     3
         Invisible         |       |       |       |       |     4 |       ||     4
         Held in net/web   |       |       |       |       |     3 |       ||     3
 Armour: Robe              |    14 |    64 |    79 |   112 |   312 |       ||   581
         Skin              |       |       |       |     1 |     1 |       ||     2
         Troll leather arm |       |       |       |       |   181 |       ||   181
         Gold dragon scale |       |       |       |       |       |     9 ||     9
  Dodge: Dodged            |    28 |   180 |   168 |   246 |  1639 |     1 ||  2262
  Block: Other             |     2 |    43 |    36 |    58 |    63 |       ||   202
         Reflection        |       |     3 |     5 |     2 |    10 |       ||    20
